 Dungeon Crawl Stone Soup version 0.19.1 (webtiles) character file.

62394 Spawnferkel the Tortoise (level 14, -3/130 HPs)
             Began as a Minotaur Gladiator on Dec 25, 2016.
             Was the Champion of Okawaru.
             Slain by a death yak (18 damage)
             ... on level 6 of the Lair of Beasts.
             The game lasted 00:51:02 (18541 turns).

Spawnferkel the Tortoise (Minotaur Gladiator)      Turns: 18541, Time: 00:51:03

Health: -3/130     AC: 18    Str: 29    XL:     14   Next: 64%
Magic:  13/13      EV: 22    Int:  5    God:    Okawaru [******]
Gold:   1601       SH:  0    Dex: 15    Spells: 0 memorised, 13 levels left

rFire  + . .     SeeInvis .     a - +9 quarterstaff of Qiggo {venom, rN+ Str+4}
rCold  . . .     Gourm    .     D - +2 ring mail of Fedhas's Delight {rElec rF+ Str+4 Stlth-}
rNeg   + . .     Faith    .     (shield currently unavailable)
rPois  .         Spirit   .     V - +2 hat
rElec  +         Reflect  .     U - +2 cloak
rCorr  .         Harm     .     (no gloves)
MR     ++...                    (no boots)
Stlth  ..........               R - amulet of rage
                                L - ring of protection from magic
                                y - +2 ring of protection

@: no status effects
A: retaliatory headbutt, horns 2
a: Heroism, Finesse, Renounce Religion, Evoke Berserk Rage


You were on level 6 of the Lair of Beasts.
You worshipped Okawaru.
Okawaru was exalted by your worship.
You were very hungry.

You visited 3 branches of the dungeon, and saw 18 of its levels.
You also visited: Bailey and Volcano.

You collected 1685 gold pieces.
You spent 84 gold pieces at shops.

Notes
Turn   | Place    | Note
-------+----------+-------------------------------------------
     0 | D:1      | Spawnferkel the Minotaur Gladiator began the quest for the Orb.
     0 | D:1      | Reached XP level 1. HP: 18/18 MP: 0/0
    72 | D:1      | Reached XP level 2. HP: 25/25 MP: 1/1
    82 | D:1      | Reached skill level 1 in Armour
   375 | D:2      | Reached XP level 3. HP: 28/30 MP: 2/2
   663 | D:2      | Reached skill level 2 in Armour
   703 | D:2      | Reached XP level 4. HP: 14/38 MP: 3/3
   979 | D:3      | Reached skill level 5 in Staves
  1152 | D:3      | Reached XP level 5. HP: 45/45 MP: 4/4
  1324 | D:3      | Found an opulent altar of Gozag.
  1469 | D:4      | Found a staircase to the Ecumenical Temple.
  1491 | Temple   | Entered the Ecumenical Temple
  1530 | Temple   | Became a worshipper of Warmaster Okawaru
  1551 | D:4      | Noticed Duvessa
  1554 | D:4      | Noticed Dowan
  1557 | D:4      | Killed Duvessa
  1557 | D:4      | Reached skill level 3 in Armour
  1557 | D:4      | Reached XP level 6. HP: 49/52 MP: 5/5
  1561 | D:4      | Killed Dowan
  1628 | D:4      | Noticed a slave
  1630 | D:4      | Noticed a slave
  1631 | D:4      | Noticed Pikel
  1632 | D:4      | Noticed a slave
  1632 | D:4      | Noticed a slave
  1665 | D:4      | Killed Pikel
  1665 | D:4      | Reached * piety under Okawaru
  1665 | D:4      | Reached ** piety under Okawaru
  1665 | D:4      | Reached skill level 5 in Fighting
  1665 | D:4      | Reached skill level 4 in Armour
  1665 | D:4      | Reached skill level 5 in Dodging
  1665 | D:4      | Reached XP level 7. HP: 57/61 MP: 6/6
  1781 | D:4      | Found a bloodstained altar of Trog.
  2323 | D:5      | Entered Level 5 of the Dungeon
  2345 | D:5      | Reached XP level 8. HP: 68/68 MP: 7/7
  2354 | D:5      | Found a burning altar of Makhleb.
  2361 | D:5      | Reached skill level 5 in Armour
  2400 | D:5      | Found a hide-covered altar of Uskayaw.
  3149 | D:6      | Found a white marble altar of Elyvilon.
  3170 | D:6      | Got a slimy ring mail
  3181 | D:6      | Identified the +2 ring mail of Fedhas's Delight {rElec rF+ Str+4 Stlth-} (You found it on level 6 of the Dungeon)
  3215 | D:6      | Found a shadowy altar of Dithmenos.
  3293 | D:6      | HP: 3/70 [wyvern zombie (5)]
  3293 | D:6      | HP: 1/70 [something (1)]
  3297 | D:5      | Reached *** piety under Okawaru
  3297 | D:5      | Reached skill level 6 in Armour
  3735 | D:6      | Found Hosourgh's Jewellery Shop.
  3782 | D:6      | Reached XP level 9. HP: 76/78 MP: 8/8
  4055 | D:7      | Noticed Menkaure
  4064 | D:7      | Killed Menkaure
  4399 | D:7      | Reached skill level 10 in Staves
  4465 | D:7      | Found a stormy altar of Qazlal.
  4774 | D:7      | Noticed Minion's ghost (novice VSFi)
  4783 | D:7      | Killed Minion's ghost
  4783 | D:7      | Reached **** piety under Okawaru
  4783 | D:7      | Reached skill level 7 in Armour
  5115 | D:7      | Received a gift from Okawaru
  5624 | D:8      | Reached XP level 10. HP: 59/88 MP: 9/9
  5629 | D:8      | Reached ***** piety under Okawaru
  5830 | D:8      | Reached skill level 8 in Armour
  6199 | D:8      | Received a gift from Okawaru
  6246 | D:8      | Found a stormy altar of Qazlal.
  6854 | D:9      | Found a flagged portal.
  6874 | Bailey   | Entered a bailey
  6879 | Bailey   | Noticed an orc warlord
  7043 | Bailey   | Found a runed gate.
  7045 | Bailey   | Found a runed gate.
  7046 | Bailey   | Found a runed gate.
  7203 | Bailey   | Killed an orc warlord
  7344 | D:9      | Received a gift from Okawaru
  7352 | D:9      | Reached skill level 9 in Armour
  7464 | D:9      | Found a staircase to the Lair.
  7581 | D:9      | Found a shimmering altar of Xom.
  7670 | D:9      | Noticed Maurice
  7687 | D:9      | Killed Maurice
  7687 | D:9      | Reached XP level 11. HP: 74/97 MP: 10/10
  8102 | D:10     | Entered Level 10 of the Dungeon
  8265 | D:10     | Noticed a hill giant
  8272 | D:10     | Killed a hill giant
  8319 | D:10     | Received a gift from Okawaru
  8346 | D:10     | Got a brightly glowing quarterstaff {god gift}
  8347 | D:10     | Identified the +9 quarterstaff of Qiggo {venom, rN+ Str+4} (Okawaru gifted it to you on level 10 of the Dungeon)
  8454 | D:10     | Noticed a hill giant
  8460 | D:10     | Killed a hill giant
  8659 | D:10     | Reached skill level 10 in Fighting
  9011 | D:11     | Noticed a white ugly thing
  9012 | D:11     | Reached skill level 10 in Armour
  9020 | D:11     | Killed a white ugly thing
  9029 | D:10     | Reached skill level 10 in Dodging
  9339 | D:11     | Reached ****** piety under Okawaru
  9372 | D:11     | Noticed a hill giant
  9386 | D:11     | Killed a hill giant
  9483 | D:11     | Found Ceczisic's General Store.
  9491 | D:11     | Bought a potion of heal wounds for 60 gold pieces
  9491 | D:11     | Bought a scroll of identify for 24 gold pieces
  9961 | Lair:1   | Entered Level 1 of the Lair of Beasts
 10002 | Lair:1   | Noticed Grum
 10017 | Lair:1   | Killed Grum
 10168 | Lair:1   | Reached XP level 12. HP: 97/107 MP: 11/11
 10178 | Lair:1   | Reached skill level 11 in Armour
 10351 | Lair:1   | Received a gift from Okawaru
 10580 | Lair:1   | Noticed Fannar
 10596 | Lair:1   | Killed Fannar
 10964 | Lair:2   | Reached skill level 12 in Armour
 11290 | Lair:2   | Received a gift from Okawaru
 11781 | Lair:2   | Noticed an eight-headed hydra
 11788 | Lair:2   | Killed an eight-headed hydra
 12257 | Lair:3   | Reached skill level 13 in Armour
 12266 | Lair:3   | Noticed Harold
 12279 | Lair:3   | Killed Harold
 12281 | Lair:3   | Noticed a seven-headed hydra
 12286 | Lair:3   | Killed a seven-headed hydra
 12286 | Lair:3   | Received a gift from Okawaru
 12286 | Lair:3   | Reached XP level 13. HP: 42/117 MP: 10/12
 12442 | Lair:3   | Found a hole to the Spider Nest.
 12529 | Lair:3   | Found a dark tunnel.
 12596 | Volcano  | Entered a volcano
 13072 | Lair:3   | Noticed Snorg
 13088 | Lair:3   | Killed Snorg
 13986 | Lair:4   | Reached skill level 14 in Armour
 14179 | Lair:4   | Found a staircase to the Shoals.
 15278 | Lair:5   | Received a gift from Okawaru
 15519 | Lair:6   | Entered Level 6 of the Lair of Beasts
 15574 | Lair:6   | Noticed Rupert
 15826 | Lair:6   | Killed Rupert
 15826 | Lair:6   | Reached XP level 14. HP: 129/129 MP: 10/13
 15849 | Lair:6   | Received a gift from Okawaru
 15851 | Lair:6   | Reached skill level 15 in Armour
 16213 | Lair:6   | Found a viscous altar of Jiyva.
 16213 | Lair:6   | Found a staircase to the Slime Pits.
 16302 | Lair:6   | Reached skill level 15 in Dodging
 17198 | Lair:6   | Received a gift from Okawaru
 18194 | Lair:6   | Reached skill level 16 in Armour
 18368 | Lair:6   | Got a transparent tin amulet
 18541 | Lair:6   | Slain by a death yak

Inventory:

Hand Weapons
 a - the +9 quarterstaff of Qiggo (weapon) {venom, rN+ Str+4}
   (Okawaru gifted it to you on level 10 of the Dungeon)

   It poisons the flesh of those it strikes.
   It affects your strength (+4).
   It protects you from negative energy.
 b - a +3 lajatang of electrocution
Missiles
 m - 42 tomahawks of returning (quivered)
Armour
 s - the +7 Kryia's mail coat {DeviceHeal*2 rC+}
   (Okawaru gifted it to you on level 6 of the Lair of Beasts)

   It protects you from cold.
 u - a +0 plate armour of fire resistance
 D - the +2 ring mail of Fedhas's Delight (worn) {rElec rF+ Str+4 Stlth-}
   (You found it on level 6 of the Dungeon)

   It affects your strength (+4).
   It protects you from fire.
   It insulates you from electricity.
   It makes you less stealthy.
 U - a +2 cloak (worn)
 V - a +2 hat (worn)
Jewellery
 d - a cursed ring of loudness {unknown}
 e - an uncursed amulet of magic regeneration {unknown}
 g - an uncursed ring of ice
 x - an uncursed ring of protection from cold {unknown}
 y - a +2 ring of protection (left hand)
 G - an uncursed ring of see invisible {unknown}
 H - the amulet "Jyim" {Gourm Int+3, unknown}
   (You found it on level 6 of the Lair of Beasts)

   [amulet of the gourmand]

   It allows you to eat raw meat even when not hungry.
   It affects your intelligence (+3).
 L - a ring of protection from magic (right hand)
 P - an uncursed ring of resist corrosion
 R - an amulet of rage (around neck)
Wands
 p - a wand of heal wounds (5/9)
 v - a wand of lightning (11/15)
 z - a wand of flame (24/48)
 C - a wand of digging (12/24)
 M - a wand of iceblast (7/15)
Scrolls
 c - 2 scrolls of remove curse
 j - 6 scrolls of identify
 o - a scroll of magic mapping
 q - a scroll of enchant weapon
 A - a scroll of acquirement {unknown}
 E - 2 scrolls of blinking
 F - 5 scrolls of teleportation
 I - 3 scrolls of fear {unknown}
Potions
 k - 4 potions of heal wounds
 l - 4 potions of curing
 n - 6 potions of might
 t - a potion of degeneration {unknown}
Books
 f - a book of Flames

   Spells                             Type                      Level
   a - Flame Tongue                   Conjuration/Fire             1
   b - Throw Flame                    Conjuration/Fire             2
   c - Conjure Flame                  Conjuration/Fire             3
   d - Inner Flame                    Hexes/Fire                   3
   e - Sticky Flame                   Conjuration/Fire             4
   f - Fireball                       Conjuration/Fire             5
 i - a book of Cantrips

   Spells                             Type                      Level
   a - Confusing Touch                Hexes                        1
   b - Animate Skeleton               Necromancy                   1
   c - Summon Small Mammal            Summoning                    1
   d - Apportation                    Translocation                1
Comestibles
 h - 3 royal jellies
 r - 5 bread rations
 w - 8 fruits
 B - a beef jerky

Table legend:
 A = Turns spent in this place as a percentage of turns spent in the entire game.
 B = Non-inter-level travel turns spent in this place as a percentage of non-inter-level travel turns spent in the entire game.
 C = Inter-level travel turns spent in this place as a percentage of turns spent in this place.
 D = Turns resting spent in this place as a percentage of non-inter-level travel turns spent in this place.
 E = Turns spent auto-exploring this place as a percentage of non-inter-level travel turns spent in this place.
 F = Non-inter-level travel turns spent in this place divided by the number of levels of this place that you've seen.
                   A       B       C       D       E      F
               +-------+-------+-------+-------+-------+----------------------
         Total | 100.0 | 100.0 |   0.9 |   2.1 |  10.6 | 238.8
       Dungeon |  46.9 |  46.8 |   1.2 |   1.4 |  14.1 | 203.1
        Temple |   0.3 |   0.3 |   7.7 |   0.0 |  16.7 |  12.0
          Lair |  40.6 |  40.6 |   0.8 |   3.6 |   8.7 | 323.5
        Bailey |   6.7 |   6.8 |   0.0 |   0.0 |   5.0 | 323.0
       Volcano |   5.5 |   5.5 |   0.0 |   0.0 |   1.5 | 265.0
               +-------+-------+-------+-------+-------+----------------------


   Skills:
 + Level 13.8 Fighting
 - Level 14.1 Staves
 - Level 2.0 Throwing
 * Level 16.0 Armour
 * Level 15.4 Dodging


You had 13 spell levels left.
You didn't know any spells.

Dungeon Overview and Level Annotations

Branches:
Dungeon (11/15)            Temple (1/1) D:4            Lair (6/6) D:9
 Shoals (0/4) Lair:4       Spider (0/4) Lair:3        Slime (0/5) Lair:6
    Orc: D:9-12

Altars:
Ashenzari
Dithmenos
Elyvilon
Fedhas
Gozag
Hepliaklqana
Makhleb
Nemelex Xobeh
Okawaru
Qazlal
Trog
Uskayaw
Vehumet
Xom
Yredelemnul
Zin
The Shining One
Jiyva

Shops:
D:6 =   D:11 *


Innate Abilities, Weirdness & Mutations

You reflexively headbutt those who attack you in melee.
You have a pair of horns on your head.


Message History

You sock the death yak!
The death yak is lightly wounded.
You thump the death yak!
The death yak looks as sick as possible!
You headbutt the death yak.
The death yak is moderately wounded.
The death yak misses you. The death yak completely misses you.
You sock the death yak!
You kill the death yak!
Okawaru accepts your kill.
You sock the death yak!
The death yak looks as sick as possible!
The death yak is severely wounded.
The death yak gores you!
* * * LOW HITPOINT WARNING * * *
The death yak gores you!!
* * * LOW HITPOINT WARNING * * *
The death yak misses you. The death yak gores you!!
You die...

# ## ################### .#
#...##....P##..##.####### ##
#......YY@..............## P#
#P.......................# ## ###
#PP....Y.................# .#
#.###.........................
.###.#...........>.............P#
................._...............
.................................
............#.....P.#...#...##...
............##...P.##..##########


You could see 3 death yaks.

Table legend:
 A = Kills in this place as a percentage of kills in entire the game.
 B = Kills by you in this place as a percentage of kills by you in the entire game.
 C = Kills by friends in this place as a percentage of kills by friends in the entire game.
 D = Other kills in this place as a percentage of other kills in the entire game.
 E = Experience gained in this place as a percentage of experience gained in the entire game.
 F = Experience gained in this place divided by the number of levels of this place that you have seen.
                   A       B       C       D       E      F
               +-------+-------+-------+-------+-------+----------------------
         Total | 100.0 | 100.0 |  -nan |  -nan | 100.0 | 4456.8
       Dungeon |  51.0 |  51.0 |  -nan |  -nan |  19.9 | 1609.2
          Lair |  42.9 |  42.9 |  -nan |  -nan |  72.6 | 10788.8
        Bailey |   3.8 |   3.8 |  -nan |  -nan |   2.4 | 2138.0
       Volcano |   2.3 |   2.3 |  -nan |  -nan |   5.1 | 4563.0
               +-------+-------+-------+-------+-------+----------------------

Vanquished Creatures
  Rupert (Lair:6)
  An orc warlord (Bailey)
  A dire elephant (Lair:6)
  Snorg (Lair:3)
  Fannar (Lair:1)
  Harold (Lair:3)
  5 hydras
  A merfolk avatar (Lair:6)
  2 catoblepae (Lair:6)
  2 death yaks (Lair:6)
  2 skeletal warriors (Volcano)
  4 sea snakes (Lair:6)
  3 hill giants
  Pikel (D:4)
  A harpy (Lair:6)
  An anaconda skeleton (Volcano)
  An ugly thing (D:11)
  The ghost of Minion the Cudgeler, a novice VSFi (D:7)
  2 manticores
  A siren (Lair:4)
  Maurice (D:9)
  10 black mambas
  3 gargoyles (Volcano)
  An elephant (Lair:6)
  10 spiny frogs
  7 rime drakes
  12 komodo dragons
  A queen bee (Lair:2)
  3 jumping spiders (Lair:3)
  2 trolls
  4 polar bears (Lair:6)
  A raiju (shapeshifter) (D:11)
  4 hornets
  5 blink frogs (Lair:2)
  A harpy skeleton (Volcano)
  8 hippogriffs
  12 dream sheep
  2 redbacks (Lair:3)
  3 flying skulls (Volcano)
  38 yaks
  A spriggan (D:7)
  3 basilisks
  3 wyverns
  Grum (Lair:1)
  2 hungry ghosts
  Menkaure (D:7)
  Duvessa (D:4)
  19 water moccasins
  10 porcupines
  6 orc warriors
  A swamp drake (D:9)
  4 sky beasts
  2 necrophages
  2 black bears (D:10)
  2 ogres
  6 centaurs
  13 wolves
  15 crocodiles
  16 bullfrogs
  A wyvern zombie (D:6)
  A gnoll sergeant (D:10)
  Dowan (D:4)
  5 scorpions
  51 killer bees
  5 wights (D:8)
  2 spriggan skeletons (Volcano)
  A troll skeleton (Volcano)
  An electric eel (Lair:1)
  2 howler monkeys
  2 centaur zombies
  6 crimson imps
  A bullfrog zombie (D:8)
  A quasit (D:10)
  4 jellies
  3 orc priests
  9 hounds
  9 orc wizards
  A bullfrog skeleton (D:4)
  5 iguanas
  7 worker ants
  4 hell rats (Lair:5)
  A killer bee zombie (D:8)
  2 hound skeletons
  A hound zombie (D:5)
  4 worker ant zombies
  8 gnolls
  16 adders
  3 river rats (Lair:5)
  2 shadow imps (D:8)
  4 worms
  2 adder skeletons (D:8)
  4 dart slugs
  4 leopard geckos
  28 orcs
  6 giant cockroaches
  10 goblins
  7 hobgoblins
  15 jackals
  6 quokkas
  2 ball pythons (D:2)
  11 bats
  3 frilled lizards
  17 kobolds
  12 rats
559 creatures vanquished.

Vanquished Creatures (others)
  A slave (D:4)
  A worker ant (D:4)
  An orc (D:8)
  9 fungi
  20 plants
32 creatures vanquished.

Grand Total: 591 creatures vanquished

Action                   |  1- 3 |  4- 6 |  7- 9 | 10-12 | 13-15 || total
-------------------------+-------+-------+-------+-------+-------++-------
Melee: Quarterstaff      |    97 |   110 |   252 |   667 |   528 ||  1654
       Headbutt          |    10 |    20 |    63 |   175 |   144 ||   412
Invok: Heroism           |       |       |       |     4 |     4 ||     8
Evoke: Wand              |       |       |       |     3 |       ||     3
  Use: Scroll            |       |       |       |    16 |     7 ||    23
       Potion            |       |       |       |     1 |     5 ||     6
 Stab: Sleeping          |     1 |       |       |       |       ||     1
       Distracted        |       |       |       |       |     1 ||     1
       Petrified         |       |       |       |       |     2 ||     2
  Eat: Chunk             |       |     3 |    14 |    23 |     9 ||    49
       Beef jerky        |       |       |       |       |     3 ||     3
       Bread ration      |       |       |       |       |     1 ||     1
       Pizza             |       |       |       |       |     1 ||     1
Armor: Leather armour    |    20 |       |       |       |       ||    20
       Chain mail        |    10 |    61 |    58 |       |       ||   129
       Ring mail         |       |       |    44 |   184 |   144 ||   372
Dodge: Dodged            |    71 |    56 |   163 |   512 |   484 ||  1286
